 Dungeon Crawl Stone Soup version 0.31-a0-1496-g79c7dd0eeb (webtiles) character file.

Game seed: 12357786109454079321

198 mopl the Ruffian (level 6, -1/31 HPs)
             Began as a Djinni Shapeshifter on Dec 29, 2023.
             Slain by Grinder (3 damage)
             ... while paralysed by Grinder
             ... on level 4 of the Dungeon.
             The game lasted 00:03:04 (2973 turns).

mopl the Ruffian (Djinni Shapeshifter)              Turns: 2973, Time: 00:03:05

Health: -1/31      AC:  3    Str: 15    XL:     6   Next: 5%
Gold:   112        EV:  2    Int: 11    God:
                   SH:  0    Dex: 13

rFire   + +          +
                       - Unarmed
rCold   x . .        (shield currently unavailable)
rNeg    . . .        g - melded +0 scale mail
rPois   ∞            p - +0 helmet
rElec   .            k - +0 cloak
rCorr   .            n - +0 pair of gloves
SInv    .            (boots unavailable)
Will    .....        (no amulet)
Stlth   +            t - ring of protection from fire
HPRegen 0.25/turn    (no ring)
MPRegen 0.00/turn

%: infuse magic (-2 HP)
@: paralysed, flux-form, flying, glowing
A: glow, contaminating, flying, reduced hp, sickness immunity, fire resistance
2, cold vulnerability 1, float, innate caster, HP casting, extra vitality 1
a: Begin Untransformation


You were on level 4 of the Dungeon.
You were something dangerously unstable.
You visited 2 branches of the dungeon, and saw 5 of its levels.

You collected 112 gold pieces.

Inventory:

Missiles
 f - 4 silver javelins
 o - 6 poisoned darts
Armour
 g - a +0 scale mail (melded)
 k - a +0 cloak (worn)
 n - a +0 pair of gloves (worn)
 p - a +0 helmet (worn)
 r - a +0 plate armour
Jewellery
 t - a ring of protection from fire (left hand)
Talismans
 c - a beast talisman
 d - a flux talisman (active)
Scrolls
 a - 6 scrolls of teleportation {unknown}
 e - 4 scrolls of identify {unknown}
 q - a scroll of brand weapon {unknown}
Potions
 b - 3 potions of lignification {!q}
 h - a potion of ambrosia {unknown}
 i - 3 potions of curing {unknown}
 j - a potion of invisibility {unknown}
 l - a potion of cancellation {unknown}
 m - a potion of resistance {unknown}
 s - a potion of attraction {unknown}
 u - a potion of haste {unknown}


   Skills:
 + Level 2.4 Fighting
 - Level 2.1 Dodging
 * Level 4.5 Unarmed Combat
 * Level 3.9 Shapeshifting


You knew the following spells:

 Your Spells              Type           Power      Damage    Failure   Level
a - Sandblast             Erth           0%         2d4       34%         1
b - Jinxbite              Hex            0%         N/A       47%         2
Your spell library was empty.

Dungeon Overview and Level Annotations

Branches:
Dungeon (4/15)             Temple (1/1) D:4

Altars:
Ashenzari
Cheibriados
Elyvilon
Fedhas
Gozag
Makhleb
Qazlal
Ru
Trog
Wu Jian
Xom
Zin

Shops:
D:2 :

Annotations:
D:4 Grinder


Innate Abilities, Weirdness & Mutations

You are something dangerously unstable.
You glow with magical radiation, making you easy to see and hit.
Foes you strike become dangerously contaminated with magical radiation.
You are flying.
Your maximum health is decreased, since you lack skill for your form.
You are incapable of wielding weapons or throwing items.
You are immune to sickness and miasma.
You are immune to poison.
Your flesh is very heat resistant. (rF++)
You are vulnerable to cold. (rC-)
You float through the air rather than walking.
You learn spells naturally, not from books.
Your magical power is your life essence.
You have superior vitality. (+4 MHP)


Message History

Grinder blinks!
You hit Grinder.
Grinder glows dangerously bright.
Grinder is heavily wounded.
Grinder gestures at you. Pain shoots through your body!
You hit Grinder.
Grinder shudders as magic cascades through her.
Grinder twists and deforms.
Grinder is heavily wounded.
Grinder gestures at you. You resist with some effort.
You hit Grinder.
Grinder begins to glow.
Grinder is severely wounded.
Grinder gestures at you. You resist with some effort.
You hit Grinder but do no damage.
Grinder glows dangerously bright.
Grinder is severely wounded.
You hit Grinder.
Grinder shudders as magic cascades through her!
Grinder twists and deforms.
Grinder is almost dead.
Grinder hits you.
You closely miss Grinder.
Grinder is almost dead.
Grinder hits you.
You are too injured to fight recklessly!
You are too injured to fight recklessly!
You barely miss Grinder.
Grinder is almost dead.
Grinder gestures at you.
You suddenly lose the ability to move!
Grinder hits you.
* * * LOW HITPOINT WARNING * * *
Grinder hits you.
* * * LOW HITPOINT WARNING * * *
You writhe in agony.
* * * LOW HITPOINT WARNING * * *
Grinder hits you.
You die...
Grinder says, "Now the real fun starts!"

##..... .. #####......
.. . ######......#..##.
.. # ##.!......#.##....
... ..#........##[.##..
..[ #.............###.##
...
#.......?.......#..##...
#....................##.
#....5p..>...##........
#............#####.....
...............####.†...
...#......##..##.##<)...
.. ####..###.....#####..
. #..##..###..###...
##.###.. #......## ..#
#.. ###...## . ....
###....


You could see Grinder (misshapen).

Vanquished Creatures
  A hound (D:3)
  An orc priest (D:4)
  2 orc wizards (D:3)
  2 adders
  2 worms
  3 dart slugs
  6 orcs (D:3)
  13 ball pythons
  3 bats
  An endoplasm (D:2)
  2 giant cockroaches
  4 goblins
  A hobgoblin (D:1)
  4 quokkas
  5 frilled lizards
  4 kobolds
  9 rats
63 creatures vanquished.

Notes
Turn   | Place    | Note
-------+----------+-------------------------------------------
     0 | D:1      | mopl the Djinni Shapeshifter began the quest for the Orb.
     0 | D:1      | Reached XP level 1. HP: 17/17 MP: 0/0
   100 | D:1      | Reached XP level 2. HP: 22/22 MP: 0/0
   261 | D:1      | Reached skill level 3 in Shapeshifting
   305 | D:1      | Reached XP level 3. HP: 13/27 MP: 0/0
   305 | D:1      | Learned a level 1 spell: Sandblast
   623 | D:2      | Found Cyrphysea's Book Shoppe.
  1488 | D:3      | Reached XP level 4. HP: 33/33 MP: 0/0
  1624 | D:3      | Reached skill level 2 in Fighting
  1730 | D:3      | Reached skill level 4 in Unarmed Combat
  1996 | D:3      | Reached XP level 5. HP: 38/38 MP: 0/0
  1996 | D:3      | Learned a level 2 spell: Jinxbite
  2512 | D:4      | Found a broken altar of Ashenzari.
  2525 | D:4      | Found a staircase to the Ecumenical Temple.
  2525 | D:4      | Noticed an ogre
  2538 | Temple   | Entered the Ecumenical Temple
  2816 | D:4      | Reached XP level 6. HP: 43/45 MP: 0/0
  2825 | D:4      | Noticed Grinder
  2826 | D:4      | Paralysed by Grinder for 2 turns
  2942 | D:4      | Paralysed by Grinder for 5 turns
  2970 | D:4      | Paralysed by Grinder for 3 turns
  2973 | D:4      | Slain by Grinder

Illustrated notes

Levels and vault maps discovered:
D:1:      ncdulo_smallfort, layout_rooms, minmay_small_reverse_x
D:2:      layout_basic, serial_shops, shop
D:3:      layout_basic, serial_bayou_pond_e, eino_curves_03,
          chequers_serial_rivers_large_b
D:4:      layout_cave_pools, amcnicky_altar_gilded,
          mainiacjoe_overflow_alcove_1, mainiacjoe_overflow_six_doors_small,
          minmay_temple_entry_hall, due_unseen_surprise, uniq_grinder
Temple:   nicolae_temple_bog_church

Skill      XL: |  1  2  3  4 |
---------------+-------------+-----
Shapeshifting  | 3 |  3.9
Fighting       | 2 |  2.4
Unarmed Combat | 4 |  4.5
Dodging        | |  2.1

Action                     |  1- 3 |  4- 6 || total
---------------------------+-------+-------++-------
  Melee: Unarmed           |   103 |   104 ||   207
         Punch             |     1 |     1 ||     2
 Armour: Scale mail        |    52 |    55 ||   107
         Animal skin       |     2 |       ||     2
         Skin              |       |     9 ||     9
  Dodge: Dodged            |    44 |    39 ||    83
   Form: Flux              |       |     1 ||     1

Table legend: (Time is in decaauts)
 A = Elapsed time spent in this place.
 B = Non-inter-level travel time spent in this place.
 C = Inter-level travel time spent in this place.
 D = Time resting spent in this place.
 E = Time spent auto-exploring this place.
 F = Levels seen in this place.
 G = Mean time per level.
                   A        B        C        D        E       F      G
               +--------+--------+--------+--------+--------+-----+--------+
         Total |   2961 |   2815 |    146 |    288 |   1969 |   5 |  592.2 |
       Dungeon |   2936 |   2790 |    146 |    267 |   1969 |   4 |  734.0 |
        Temple |     24 |     24 |      0 |     21 |      0 |   1 |   24.0 |
               +--------+--------+--------+--------+--------+-----+--------+

Top non-repeatable levels by time:
     D:3: 1310 daAuts
     D:2: 877 daAuts
     D:1: 600 daAuts
     D:4: 148 daAuts
  Temple: 24 daAuts
